 Dungeon Crawl Stone Soup version 0.26-a0-662-g8b9c6dab81 (webtiles) character file.

Game seed: 2627834091140976609

76 looop the Insei (level 4, -5/29 HPs)
             Began as an Octopode Transmuter on Oct 9, 2020.
             Slain by a gnoll
             ... wielding a +0 whip
              (6 damage)
             ... on level 2 of the Dungeon.
             The game lasted 00:02:36 (2112 turns).

looop the Insei (Octopode Transmuter)               Turns: 2112, Time: 00:02:37

Health: -5/29      AC:  1    Str:  9    XL:     4   Next: 32%
Magic:  7/7        EV: 13    Int: 16    God:
Gold:   110        SH:  0    Dex: 12    Spells: 3/7 levels left

rFire    . . .     SeeInvis .     - Unarmed
rCold    . . .     Faith    .   (no shield)
rNeg     . . .     Spirit   .   (helmet restricted)
rPois    .         Reflect  .   (no amulet)
rElec    .         Harm     .   (no ring)
rCorr    .         Rampage  .   (no ring)
MR       .....                  (no ring)
Stlth    ++........             (no ring)
HPRegen  0.09/turn              (no ring)
MPRegen  0.10/turn              (no ring)
                                (no ring)
                                (no ring)

@: no status effects
A: almost no armour, stealthy swim, amphibious, 8 rings, constrict 8, camouflage
1, gelatinous body 1
a: no special abilities


You were on level 2 of the Dungeon.
You visited 1 branch of the dungeon, and saw 2 of its levels.

You collected 110 gold pieces.

Inventory:

Missiles
 f - 2 boomerangs (quivered)
 l - 11 sling bullets
Scrolls
 d - 2 scrolls of identify {unknown}
 e - 2 scrolls of fog {unknown}
 h - a scroll of immolation {unknown}
 i - a scroll of magic mapping {unknown}
 m - a scroll of remove curse {unknown}
 n - a scroll of amnesia {unknown}
 o - a scroll of fear {unknown}
Potions
 a - 2 potions of lignification {unknown}
 b - 2 potions of heal wounds {unknown}
 c - a potion of magic {unknown}
 g - 2 potions of curing {unknown}
 j - 2 potions of haste
 k - a potion of stabbing {unknown}


   Skills:
 + Level 2.3 Fighting
 - Level 2.0 Dodging
 * Level 4.4 Unarmed Combat
 - Level 2.0 Spellcasting
 - Level 2.0 Transmutations


You had 3 spell levels left.
You knew the following spells:

 Your Spells              Type           Power        Failure   Level
a - Beastly Appendage     Tmut           #.....       9%          1
c - Spider Form           Tmut/Pois      #.........   38%         3

Your spell library contained the following spells:

 Spells                   Type           Power        Failure   Level
 Wereblood                Tmut           #.......     14%         2
 Ice Form                 Ice/Tmut       #.......     80%         4
 Blade Hands              Tmut           #.........   94%         5


Dungeon Overview and Level Annotations

Branches:
Dungeon (2/15)

Altars:
Ashenzari
Dithmenos
Elyvilon
Fedhas
Nemelex Xobeh
Wu Jian
The Shining One


Innate Abilities, Weirdness & Mutations

You cannot wear most types of armour.
You are very stealthy in the water. (Stealth+)
You are amphibious.
You can wear up to eight rings at the same time.
You can use your tentacles to constrict eight enemies at once.
Your skin changes colour to match your surroundings (Stealth+).
Your rubbery body absorbs attacks. (AC +1, EV +1)


Message History

Throwing (i - inventory)
f - 2 boomerangs (quivered)
Press: ? - help, Shift-Dir - straight line, f - gnoll
Aim: a gnoll, wielding a +0 whip You throw a boomerang.
The gnoll shouts!
The boomerang hits the gnoll.
The gnoll is lightly wounded.
The gnoll hits you with a +0 whip.
You closely miss the gnoll. You grab the gnoll. You squeeze the gnoll.
The gnoll is moderately wounded.
You constrict the gnoll, but do no damage.
The gnoll hits you with a +0 whip!
You tentacle-slap the gnoll.
The gnoll is severely wounded.
You constrict the gnoll. The gnoll hits you with a +0 whip!
* * * LOW HITPOINT WARNING * * *
You release your grip on the gnoll.
There is a stone staircase leading up here.
The gnoll hits you with a +0 whip.
You die...

#.# #.. .. #.# #.### #.# ....#
####.# #.#.# ######### #.....
#.#)# ........# #.....
#.###.#.###########.# #.....
#......).......@# #.# #.....
#######..######g.###.#######.....
[.............g...............>..
#######..............###.........
#... #..........................
##.# #....#..#.######....##.....
##.# #..#.#..#.# #.#..#######
##.##.#.)#.#..#.######.#..##
......#..#.#...............#


You could see 2 gnolls.

Vanquished Creatures
  2 gnolls (D:2)
  An adder (D:2)
  A worm (D:2)
  2 dart slugs
  A leopard gecko (D:2)
  2 giant cockroaches
  6 goblins
  4 hobgoblins
  8 bats
  3 frilled lizards
  4 kobolds (D:2)
  6 rats
40 creatures vanquished.

Notes
Turn   | Place    | Note
-------+----------+-------------------------------------------
     0 | D:1      | looop the Octopode Transmuter began the quest for the Orb.
     0 | D:1      | Reached XP level 1. HP: 13/13 MP: 3/3
   228 | D:1      | Reached XP level 2. HP: 15/18 MP: 5/5
  1102 | D:2      | Found a glowing golden altar of the Shining One.
  1216 | D:2      | Found a white marble altar of Elyvilon.
  1217 | D:2      | Found a broken altar of Ashenzari.
  1218 | D:2      | Found a blossoming altar of Fedhas.
  1219 | D:2      | Found an ornate altar of the Wu Jian Council.
  1219 | D:2      | Found a shadowy altar of Dithmenos.
  1219 | D:2      | Found a sparkling altar of Nemelex Xobeh.
  1239 | D:2      | Reached XP level 3. HP: 24/24 MP: 6/6
  1321 | D:2      | Learned a level 3 spell: Spider Form
  1412 | D:2      | Reached skill level 4 in Unarmed Combat
  2075 | D:2      | Reached XP level 4. HP: 17/29 MP: 7/7
  2103 | D:2      | HP: 1/29 [gnoll/+0 whip (9)]
  2112 | D:2      | Slain by a gnoll

Illustrated notes

Levels and vault maps discovered:
D:1:      shiori_arrival_maze, layout_rooms
D:2:      layout_basic, grunt_temple_overflow_open, lemuel_doored_altar,
          lemuel_coloured_pillars_altar

Skill      XL: |  1  2  3 |
---------------+----------+-----
Unarmed Combat | 4 |  4.4
Fighting       | 2 |  2.3
Dodging        | |  2.0
Spellcasting   | |  2.0
Transmutations | |  2.0

Action                   |  1- 3 |  4- 6 || total
-------------------------+-------+-------++-------
Melee: Unarmed           |    90 |     5 ||    95
       Constrict         |    26 |     2 ||    28
       Tentacles         |    13 |     3 ||    16
       Punch             |     1 |       ||     1
Throw: Boomerang         |     4 |     5 ||     9
 Cast: Beastly Appendage |     1 |       ||     1
 Stab: Sleeping          |     4 |       ||     4
Armor: Skin              |    11 |     1 ||    12
Dodge: Dodged            |    72 |       ||    72

Table legend: (Time is in decaauts)
 A = Elapsed time spent in this place.
 B = Non-inter-level travel time spent in this place.
 C = Inter-level travel time spent in this place.
 D = Time resting spent in this place.
 E = Time spent auto-exploring this place.
 F = Levels seen in this place.
 G = Mean time per level.
                   A        B        C        D        E       F      G
               +--------+--------+--------+--------+--------+-----+--------+
         Total |   2107 |   2091 |     16 |    143 |   1662 |   2 | 1053.5 |
       Dungeon |   2107 |   2091 |     16 |    143 |   1662 |   2 | 1053.5 |
               +--------+--------+--------+--------+--------+-----+--------+

Top non-repeatable levels by time:
     D:2: 1134 daAuts
     D:1: 972 daAuts
